 Dungeon Crawl Stone Soup version 0.18-a0-1229-ge9a1a01 (webtiles) character file.

241 MrRokkomies the Bolt Thrower (level 6, -4/40 HPs)
             Began as a Gargoyle Hunter on Feb 4, 2016.
             Killed by divine providence
             ... invoked by an orc priest
              (12 damage)
             ... on level 4 of the Dungeon.
             The game lasted 00:10:01 (3561 turns).

MrRokkomies the Bolt Thrower (Gargoyle Hunter)      Turns: 3561, Time: 00:10:01

Health: -4/40      AC: 13    Str: 16    XL:     6   Next: 8%
Magic:  6/6        EV:  7    Int: 12    God:
Gold:   150        SH:  0    Dex: 11    Spells: 0 memorised, 5 levels left

rFire  . . .     SeeInvis .     b - +0 flail
rCold  . . .     Gourm    .     p - +0 chain mail
rNeg   + . .     Faith    .     (no shield)
rPois  ∞         Spirit   .     (no helmet)
rElec  +         Dismiss  .     o - +0 cloak
rCorr  .         Reflect  .     (no gloves)
SustAt .         Harm     .     (no boots)
MR     .....                    (no amulet)
Stlth  ..........               (no ring)
                                (no ring)

@: confused, not resistant to hostile enchantments, extremely unstealthy
A: negative energy resistance 1, electricity resistance, unbreathing,
petrification resistance, rot immunity, AC +4
a: no special abilities


You were on level 4 of the Dungeon.
You were not hungry.

You visited 1 branch of the dungeon, and saw 4 of its levels.

You collected 150 gold pieces.

Inventory:

Hand Weapons
 a - a +2 hand crossbow
 b - a +0 flail (weapon)
Missiles
 d - 44 bolts
Armour
 c - a +0 plate armour
 o - a +0 cloak (worn)
 p - a +0 chain mail (worn)
Scrolls
 h - 3 scrolls of remove curse
 i - 4 scrolls of enchant weapon
 l - a scroll of immolation
 n - 2 scrolls of identify
Potions
 e - a potion of heal wounds
 m - a potion of magic
Comestibles
 f - a bread ration
 j - a slice of pizza
 k - 3 meat rations


   Skills:
 - Level 5.0 Fighting
 * Level 2.1 Maces & Flails
 - Level 5.1 Crossbows
 * Level 0.4 Armour
 - Level 1.5 Dodging
 - Level 1.1 Stealth


You had 5 spell levels left.
You didn't know any spells.

Dungeon Overview and Level Annotations

Branches:
Dungeon (4/15)
 Temple: D:4-7

Altars:
Sif Muna


Innate Abilities, Weirdness & Mutations

You are resistant to torment.
Your stone body is resilient (AC +4).
You are immune to poison.
You resist negative energy.
You are resistant to electric shocks.
You can survive without breathing.
You are immune to petrification.
You are immune to rotting.


Message History

Something hits you.
* * * LOW HITPOINT WARNING * * *
Something hits you but does no damage.
You bump into the rock wall.
Something hits you but does no damage. x2
You miss something.
You hear some strange, mumbled words.
A puff of flame appears from out of thin air!
The puff of flame hits you!
You hear some strange, mumbled words.
A puff of flame appears from out of thin air!
The puff of flame hits you! Something hits you but does no damage.
You closely miss something.
An orc wizard appears from thin air!
Reactivating autopickup.
The orc wizard hits you but does no damage.
Something hits you but does no damage.
Deactivating autopickup; reactivate with Ctrl-A.
The orc wizard closely misses you.
The orc priest calls down the wrath of Beogh upon you.
Something smites you!
You die...

# ####.# #o...#
#o# #o#### ..
#@{..# ... ####.#
..### ######..####
#... #..........#
#...###.####.###.#
#.....#.# #.# #
+.....'.# #.#
#.....### #..
#.....# ###


You could see an orc priest, an orc wizard and an orc.

Vanquished Creatures
  2 orc priests (D:3)
  Crazy Yiuf (D:3)
  4 adders
  An ooze (D:3)
  6 worms
  2 giant geckos (D:2)
  8 orcs
  7 giant cockroaches
  11 goblins
  8 hobgoblins
  6 jackals (D:1)
  7 kobolds
  A quokka (D:3)
  10 bats
  A giant gecko skeleton (D:3)
  3 giant newts
  9 rats
  2 fungi (D:3)
89 creatures vanquished.

Notes
Turn   | Place    | Note
--------------------------------------------------------------
     0 | D:1      | MrRokkomies the Gargoyle Hunter began the quest for the Orb.
     0 | D:1      | Reached XP level 1. HP: 12/12 MP: 1/1
   145 | D:1      | Reached XP level 2. HP: 16/19 MP: 2/2
   766 | D:1      | Reached XP level 3. HP: 22/24 MP: 3/3
  1474 | D:2      | Reached XP level 4. HP: 15/30 MP: 4/4
  2420 | D:3      | Found a deep blue altar of Sif Muna.
  2910 | D:3      | Noticed Crazy Yiuf
  2916 | D:3      | Killed Crazy Yiuf
  2916 | D:3      | Reached skill level 5 in Fighting
  2916 | D:3      | Reached XP level 5. HP: 24/35 MP: 5/5
  2983 | D:3      | Reached skill level 1 in Maces & Flails
  3032 | D:3      | Reached skill level 5 in Crossbows
  3411 | D:3      | Reached XP level 6. HP: 32/40 MP: 6/6
  3561 | D:4      | Killed from afar by an orc priest

Vault maps used:
D:1:      lemuel_arrival_behind_the_door_small, hangedman_decor_clover_reticule,
          lemuel_old_faithful
D:2:      serial_bayou_lagoon_a
D:3:      lemuel_round_altar, uniq_crazy_yiuf_cottage
D:4:      lightli_temple_of_fire, serial_shops, nicolae_shop_crystal

Action                   |  1- 3 |  4- 6 || total
-------------------------+-------+-------++-------
Melee: Short sword       |   172 |    20 ||   192
       Dagger            |       |   183 ||   183
       Flail             |       |    46 ||    46
 Fire: Hand crossbow     |    21 |    37 ||    58
  Use: Scroll            |     7 |     5 ||    12
  Eat: Chunk             |     2 |     7 ||     9
